 Dungeon Crawl Stone Soup version 0.27-a0-1182-gee19b5822f (webtiles) character file.

Game seed: 3130728856420498080

1865 mlem the Geomancer (level 9, -6/45 HPs)
             Began as a Gargoyle Earth Elementalist on May 18, 2021.
             Was an Initiate of Vehumet.
             Mangled by a two-headed ogre
             ... wielding a +0 dire flail
              (18 damage)
             ... on level 7 of the Dungeon.
             The game lasted 00:13:04 (10340 turns).

mlem the Geomancer (Gargoyle Earth Elementalist)   Turns: 10340, Time: 00:13:05

Health: -6/45      AC:  9    Str: 11    XL:     9   Next: 13%
Magic:  9/18       EV: 11    Int: 20    God:    Vehumet [......]
Gold:   1357       SH:  0    Dex: 10    Spells: 12/21 levels left

rFire    . . .     SeeInvis .   i - +2 flail (venom)
rCold    . . .     Faith    .   (no shield)
rNeg     + . .     Spirit   .   c - +1 robe
rPois    ∞         Reflect  .   (no helmet)
rElec    +         Harm     .   (no cloak)
rCorr    .         Rampage  .   (no gloves)
Will     .....                  (no boots)
Stlth    ++........             (no amulet)
HPRegen  0.15/turn              e - ring of wizardry
MPRegen  0.16/turn              (no ring)

@: no status effects
A: sickness immunity, AC +6, negative energy resistance 1, electricity
resistance, torment resistance 1, petrification resistance
a: Renounce Religion


You were on level 7 of the Dungeon.
You worshipped Vehumet.
Vehumet was noncommittal.
You visited 2 branches of the dungeon, and saw 8 of its levels.

You collected 1626 gold pieces.
You spent 269 gold pieces at shops.

Inventory:

Hand Weapons
 i - a +2 flail of venom (weapon)
Missiles
 b - 164 stones
 d - 6 atropa-tipped darts
 j - a throwing net
Armour
 c - a +1 robe (worn)
Magical Staves
 s - a staff of cold
Jewellery
 e - a ring of wizardry (left hand)
 g - a ring of ice
Wands
 p - a wand of flame (20)
 t - a wand of acid (6)
Scrolls
 h - 2 scrolls of amnesia
 k - a scroll of enchant armour
 o - a scroll of fear
 q - a scroll of teleportation
 r - a scroll of brand weapon
 v - 2 scrolls of identify
Potions
 a - a potion of attraction
 f - a potion of curing
 l - a potion of heal wounds
 m - a potion of invisibility
 n - a potion of lignification
 u - a potion of brilliance
 w - a potion of resistance {unknown}
 x - a potion of haste {unknown}


   Skills:
 - Level 1.5 Dodging
 - Level 2.1 Stealth
 + Level 6.5 Spellcasting
 + Level 6.8 Conjurations
 - Level 0.7 Transmutations
 + Level 8.9 Earth Magic


You had 12 spell levels left.
You knew the following spells:

 Your Spells              Type           Power      Damage    Failure   Level
a - Sandblast             Erth           84%        2d18      1%          1
b - Stone Arrow           Conj/Erth      76%        3d11      1%          3
c - Lee's Rapid Deconstr  Erth           21%        3d13*     2%          5

Your spell library contained the following spells:

 Spells                   Type           Power      Damage    Failure   Level
 Passwall                 Tmut/Erth      20%        N/A       1%          2
 Beastly Appendage        Tmut           18%        N/A       3%          1
 Animate Skeleton         Necr           12%        N/A       4%          1
 Apportation              Tloc           12%        N/A       4%          1
 Corona                   Hex            6%         N/A       4%          1
 Summon Small Mammal      Summ           24%        N/A       4%          1
 Wereblood                Tmut           9%         N/A       4%          2
 Call Imp                 Summ           6%         N/A       6%          2
 Petrify                  Tmut/Erth      25%        N/A       6%          4
 Spider Form              Tmut/Pois      3%         N/A       11%         3
 Call Canine Familiar     Summ           6%         N/A       12%         3
 Summon Guardian Golem    Hex/Summ       6%         N/A       12%         3
 Ice Form                 Ice/Tmut       7%         N/A       32%         4
 Summon Ice Beast         Ice/Summ       6%         N/A       36%         4
 Summon Lightning Spire   Summ/Air       6%         N/A       36%         4
 Hydra Form               Tmut           4%         N/A       58%         5


Dungeon Overview and Level Annotations

Branches:
Dungeon (7/15)             Temple (1/1) D:6

Altars:
Gozag
Okawaru
Vehumet
The Shining One

Shops:
D:4 (   D:5 (?


Innate Abilities, Weirdness & Mutations

You are immune to sickness and miasma.
Your stone body is resilient. (AC +6)
You are immune to poison.
You resist negative energy. (rN+)
You are resistant to electric shocks. (rElec)
You are resistant to unholy torment.
You are immune to petrification.


Message History

Magic restored.
You start resting.
HP restored.
You start waiting.
Done waiting.
You see here a howler monkey skeleton.
Found a stone staircase leading down.
You now have 1328 gold pieces (gained 14).
Found a hunting sling.
You now have 1346 gold pieces (gained 18).
You now have 1357 gold pieces (gained 11).
A two-headed ogre comes into view.
It is wielding a +0 dire flail and a +0 giant club.
Found a stone staircase leading up.
Casting: Sandblast (safe; 1% risk of failure)
Confirm with . or Enter, or press ? or * to list all spells.
Aiming: Stone Arrow (safe; 1% risk of failure)
Press: ? - help, Shift-Dir - straight line, f - two-headed ogre
Aim: a two-headed ogre, wielding a +0 dire flail and a +0 giant club (88% to hit)
The stone arrow hits the two-headed ogre!!
The two-headed ogre is moderately wounded.
Unknown command.
Casting: Stone Arrow (safe; 1% risk of failure)
Confirm with . or Enter, or press ? or * to list all spells.
Aiming: Stone Arrow (safe; 1% risk of failure)
Press: ? - help, Shift-Dir - straight line, f/p - two-headed ogre
Aim: a two-headed ogre, wielding a +0 dire flail and a +0 giant club (moderately wounded, 88% to hit)
The stone arrow hits the two-headed ogre!
The two-headed ogre is heavily wounded.
The two-headed ogre hits you with a +0 dire flail!
The two-headed ogre hits you with a +0 giant club!
* * * LOW HITPOINT WARNING * * *
Casting: Stone Arrow (safe; 1% risk of failure)
Confirm with . or Enter, or press ? or * to list all spells.
Aiming: Stone Arrow (safe; 1% risk of failure)
Press: ? - help, Shift-Dir - straight line, f/p - two-headed ogre
Aim: a two-headed ogre, wielding a +0 dire flail and a +0 giant club (heavily wounded, 88% to hit)
The stone arrow hits the two-headed ogre!!
The two-headed ogre is almost dead.
The two-headed ogre hits you with a +0 dire flail!!
You die...

# ...... #. #####
...#... ##.####...##
........ #<...#.....##
#........
###..........##.........
#...............).......
#....O@................
.........###.....##.....
##.##...###.......#.....
#.... ##............
........##...........
......................
#......................
#......................
..................


You could see a two-headed ogre.

Vanquished Creatures
  2 water moccasins
  A black bear (D:4)
  A necrophage (D:4)
  An ogre (D:5)
  A kobold brigand (D:7)
  6 scorpions
  A gnoll sergeant (D:7)
  A wyvern skeleton (D:5)
  3 howler monkeys (D:7)
  A centaur zombie (D:5)
  2 hounds
  3 orc priests
  2 orc wizards
  A scorpion zombie (D:5)
  5 iguanas
  A hound zombie (D:5)
  A hound skeleton (D:4)
  11 gnolls
  2 howler monkey skeletons (D:7)
  6 adders
  A shadow imp (D:7)
  A white imp (D:6)
  An ufetubus (D:7)
  2 worms
  2 dart slugs
  11 orcs
  7 endoplasms
  3 giant cockroaches
  4 hobgoblins
  10 jackals
  4 quokkas
  10 ball pythons
  8 bats
  4 frilled lizards
  10 goblins
  13 kobolds
  5 rats
148 creatures vanquished.

Notes
Turn   | Place    | Note
-------+----------+-------------------------------------------
     0 | D:1      | mlem the Gargoyle Earth Elementalist began the quest for
                  | the Orb.
     0 | D:1      | Reached XP level 1. HP: 10/10 MP: 3/3
   146 | D:1      | Found a faded altar of an unknown god.
   487 | D:1      | Reached skill level 4 in Earth Magic
   487 | D:1      | Reached XP level 2. HP: 12/15 MP: 5/5
  1226 | D:1      | Reached XP level 3. HP: 19/19 MP: 6/6
  1709 | D:1      | Learned a level 3 spell: Stone Arrow
  2116 | D:2      | Reached skill level 1 in Conjurations
  2116 | D:2      | Reached XP level 4. HP: 11/24 MP: 1/8
  2608 | D:2      | Reached skill level 5 in Earth Magic
  2762 | D:2      | Found an opulent altar of Gozag.
  2811 | D:2      | Reached XP level 5. HP: 28/28 MP: 6/9
  3902 | D:3      | Learned a level 5 spell: Lee's Rapid Deconstruction
  4320 | D:3      | Identified a scroll of acquirement
  4320 | D:3      | Acquired 1306 gold pieces
  4377 | D:3      | Found a glowing golden altar of the Shining One.
  4377 | D:3      | Found an iron altar of Okawaru.
  4790 | D:3      | Reached XP level 6. HP: 32/32 MP: 11/11
  4969 | D:4      | Noticed a black bear
  5163 | D:4      | Noticed a necrophage
  5172 | D:4      | Killed a necrophage
  5393 | D:4      | Killed a black bear
  5394 | D:4      | Reached skill level 6 in Earth Magic
  5466 | D:4      | Found an opulent altar of Gozag.
  5480 | D:4      | Found Pellaot's Antique Weapon Shop.
  5743 | D:4      | Reached XP level 7. HP: 23/36 MP: 13/13
  6116 | D:5      | Entered Level 5 of the Dungeon
  6116 | D:5      | Found Biax's Weapon Shoppe.
  6517 | D:5      | Reached skill level 7 in Earth Magic
  6680 | D:5      | Found Dit Necs's Magic Scroll Boutique.
  6709 | D:5      | Bought a scroll of fear for 52 gold pieces
  6709 | D:5      | Bought a scroll of identify for 30 gold pieces
  6709 | D:5      | Bought a scroll of teleportation for 45 gold pieces
  6709 | D:5      | Bought a scroll of identify for 30 gold pieces
  6709 | D:5      | Bought a scroll of enchant weapon for 112 gold pieces
  6773 | D:5      | Reached skill level 5 in Spellcasting
  6901 | D:5      | Reached XP level 8. HP: 17/41 MP: 12/15
  7234 | D:5      | Found a radiant altar of Vehumet.
  7246 | D:5      | Reached skill level 5 in Conjurations
  7252 | D:5      | Became a worshipper of Vehumet
  7876 | D:6      | Found a staircase to the Ecumenical Temple.
  7899 | Temple   | Entered the Ecumenical Temple
  8960 | D:6      | Reached skill level 8 in Earth Magic
  9921 | D:7      | Reached XP level 9. HP: 36/45 MP: 18/18
 10335 | D:7      | Noticed a two-headed ogre
 10340 | D:7      | Mangled by a two-headed ogre

Illustrated notes

Levels and vault maps discovered:
D:1:      co_arrival_square_in_a_square_in_a_square, layout_basic,
          basic_ecumenical_altar, amcnicky_mini_rare_corridor_liquid,
          corner_web_ring
D:2:      layout_basic, kennysheep_flooded_box
D:3:      layout_loops_cross, gammafunk_temple_overflow_elements
D:4:      layout_basic, old_standard_altar, serial_shops, shop,
          minmay_misc_feat_nine_boxes, hex_intersection
D:5:      layout_rooms, vehumet_altar_wand_db, serial_shops, shop,
          nicolae_shop_trees
D:6:      layout_layer_cave, minmay_temple_entry_waves
D:7:      layout_cave_pools, uniq_maggie
Temple:   regret_index_temple_waves

Skill      XL: |  1  2  3  4  5  6  7  8 |
---------------+-------------------------+-----
Earth Magic    | 4 5 6 7 8 |  8.9
Spellcasting   | 3 4 5 6 |  6.5
Conjurations   | 1 2 3 4 6 |  6.8
Dodging        | |  1.5
Stealth        | |  2.1
Transmutations | |  0.7

Action                   |  1- 3 |  4- 6 |  7- 9 || total
-------------------------+-------+-------+-------++-------
Melee: Short sword       |   126 |    22 |       ||   148
       Unarmed           |     8 |       |       ||     8
       Flail             |       |   128 |   189 ||   317
 Cast: Sandblast         |    17 |    14 |    24 ||    55
       Stone Arrow       |       |     3 |    15 ||    18
Evoke: Wand              |       |       |     5 ||     5
  Use: Scroll            |     2 |     7 |     7 ||    16
       Potion            |       |     2 |     1 ||     3
 Stab: Sleeping          |     2 |     2 |     3 ||     7
       Distracted        |       |     1 |       ||     1
Armor: Robe              |    49 |    88 |   121 ||   258
Dodge: Dodged            |    98 |   118 |   197 ||   413

Table legend: (Time is in decaauts)
 A = Elapsed time spent in this place.
 B = Non-inter-level travel time spent in this place.
 C = Inter-level travel time spent in this place.
 D = Time resting spent in this place.
 E = Time spent auto-exploring this place.
 F = Levels seen in this place.
 G = Mean time per level.
                   A        B        C        D        E       F      G
               +--------+--------+--------+--------+--------+-----+--------+
         Total |  10482 |  10239 |    243 |   1026 |   7883 |   8 | 1310.2 |
       Dungeon |  10481 |  10238 |    243 |   1026 |   7883 |   7 | 1497.3 |
        Temple |      1 |      1 |      0 |      0 |      0 |   1 |    1.0 |
               +--------+--------+--------+--------+--------+-----+--------+

Top non-repeatable levels by time:
     D:6: 2232 daAuts
     D:2: 2040 daAuts
     D:1: 1755 daAuts
     D:5: 1274 daAuts
     D:3: 1248 daAuts
     D:4: 1139 daAuts
     D:7: 789 daAuts
  Temple: 1 daAuts
